 Dungeon Crawl Stone Soup version 0.30.1-11-g7821555f0a (webtiles) character file.

Game seed: 4327749585558710647

51 comborobin the Trooper (level 3, -5/36 HPs)
             Began as a Hill Orc Delver on Dec 23, 2023.
             Slain by a river rat (6 damage)
             ... in a sewer.
             The game lasted 00:00:57 (606 turns).

comborobin the Trooper (Hill Orc Delver)             Turns: 606, Time: 00:00:57

Health: -5/36      AC:  6    Str: 16    XL:     3   Next: 81%
Magic:  3/3        EV: 10    Int: 10    God:
Gold:   36         SH:  0    Dex: 12    Spells: 2/2 levels left

rFire   . . .        a - +0 short sword
rCold   . . .        (no shield)
rNeg    . . .        f - +0 ring mail
rPois   .            (no helmet)
rElec   .            (no cloak)
rCorr   .            m - +0 pair of gloves
SInv    .            (no boots)
Will    .....        (no amulet)
Stlth   ++           (no ring)
HPRegen 0.26/turn    (no ring)
MPRegen 0.08/turn

%: no passive effects
@: flying
A: no striking features
a: no special abilities


You were in a sewer.
You visited 1 branch of the dungeon, and saw 3 of its levels.
You also visited: Sewer.

You collected 36 gold pieces.

Inventory:

Hand Weapons
 a - a +0 short sword (weapon)
Armour
 b - a +0 leather armour
 f - a +0 ring mail (worn)
 m - a +0 pair of gloves (worn)
Wands
 g - a wand of digging (3)
Scrolls
 c - a scroll of fog
 d - a scroll of magic mapping
 e - a scroll of fear
 h - a scroll of blinking {unknown}
 j - a scroll of amnesia {unknown}
 l - a scroll of teleportation {unknown}


   Skills:
 + Level 5.6 Fighting
 - Level 2.0 Short Blades
 - Level 1.5 Dodging
 - Level 4.1 Stealth


You had 2 spell levels left.
You didn't know any spells.
Your spell library contained the following spells:

 Spells                   Type           Power      Damage    Failure   Level
 Portal Projectile        Hex/Tloc       0%         N/A       91%         3
 Tukima's Dance           Hex            0%         N/A       91%         3
 Blade Hands              Tmut           0%         N/A       100%        5


Dungeon Overview and Level Annotations

Branches:
Dungeon (6/15)              Sewer (1/1)
 Temple: D:4-7

Altars:
Ashenzari
Gozag

Annotations:
D:5 Edmund


Message History

You are too injured to fight recklessly!
You barely miss the river rat.
The river rat is lightly wounded.
It was a potion of flight.
You feel very buoyant.
You fly up into the air.
The rat bites you but does no damage. The river rat barely misses you.
It was a potion of curing.
You feel better.
The rat splashes around in the water.
The river rat bites you but does no damage.
You hit the river rat but do no damage. The rat barely misses you.
The river rat bites you but does no damage.
You hit the river rat but do no damage. The rat closely misses you.
The river rat closely misses you.
You hit the river rat but do no damage. The rat bites you.
The river rat bites you.
You closely miss the river rat. The rat bites you. The river rat bites you.
* * * LOW HITPOINT WARNING * * *
You hit the river rat but do no damage.
The rat splashes around in the water.
The river rat closely misses you.
You hit the river rat but do no damage.
The rat splashes around in the water.
The river rat barely misses you.
You barely miss the river rat. The rat closely misses you.
The river rat bites you.
* * * LOW HITPOINT WARNING * * *
You hit the river rat but do no damage. The rat bites you but does no damage.
The river rat bites you but does no damage.
You hit the river rat.
The river rat is lightly wounded.
The rat closely misses you. The river rat closely misses you.
You closely miss the river rat.
The river rat is lightly wounded.
You hit the river rat.
The river rat is heavily wounded.
The rat splashes around in the water.
The river rat bites you.
* * * LOW HITPOINT WARNING * * *
You hit the river rat.
The river rat is heavily wounded.
The river rat bites you.
You die...

#PPPP.∩∩...##
###P........#
#######...#
~~~~~~~.P.#
#######P..#
##..~.~.#
##..~.~~##
####.~r....#
#..~~.r@~..#
#~~~~#~#~...#
.~~~
#~#..~~.# ~P.
#~#..~.P# PP
#~#~.PPP# #
#?#..P..#
######~.# ..#


You could see a river rat and a rat.

Vanquished Creatures
  A hound (D:4)
  2 adders (D:4)
  A giant cockroach (D:4)
  A goblin (D:4)
  A ball python (D:4)
6 creatures vanquished.

Notes
Turn   | Place    | Note
-------+----------+-------------------------------------------
     0 | D:5      | comborobin the Hill Orc Delver began the quest for the Orb.
     0 | D:5      | Reached XP level 1. HP: 19/19 MP: 1/1
    20 | D:5      | Noticed an iguana
    22 | D:5      | Noticed Edmund
    62 | D:4      | Found an opulent altar of Gozag.
    67 | D:5      | Noticed a black bear
   116 | D:4      | Noticed a hound
   119 | D:4      | Found a broken altar of Ashenzari.
   132 | D:4      | Killed a hound
   133 | D:4      | Reached skill level 5 in Fighting
   133 | D:4      | Reached XP level 2. HP: 8/29 MP: 2/2
   133 | D:4      | Reached XP level 3. HP: 10/36 MP: 3/3
   242 | D:4      | Found a glowing drain.
   420 | Sewer    | Entered a sewer
   605 | Sewer    | HP: 1/36 [river rat (4)]
   606 | Sewer    | Slain by a river rat

Illustrated notes

Levels and vault maps discovered:
D:4:      layout_rooms, mainiacjoe_overflow_24_doors, overflow_temple_1_default,
          grunt_gozag_statues, gup_sewer_entry_glass
D:5:      layout_rooms, uniq_edmund
D:6:      minmay_angry_zag, layout_loops_cross, lemuel_crystal_altar,
          minmay_temple_entry_poolview
Sewer:    sewer_co_scattered_pipes

Skill      XL: |  1 |
---------------+----+-----
Fighting       | 5 |  5.6
Short Blades   | |  2.0
Dodging        | |  1.5
Stealth        | |  4.1

Action                     || total
---------------------------++-------
  Melee: Short sword       ||    87
    Use: Potion            ||     3
 Armour: Ring mail         ||    31
  Dodge: Dodged            ||    54
